 Dungeon Crawl Stone Soup version 0.22-a0-467-g5c5de1c (webtiles) character file.

136 tilp the Chiller (level 5, -3/35 HPs)
             Began as a Merfolk Ice Elementalist on June 10, 2018.
             Was an Initiate of Makhleb.
             Slain by an orc warrior
             ... wielding a +0 hand axe
              (5 damage)
             ... on level 3 of the Dungeon.
             The game lasted 00:07:25 (3556 turns).

tilp the Chiller (Merfolk Ice Elementalist)         Turns: 3556, Time: 00:07:26

Health: -3/35      AC: 11    Str:  9    XL:     5   Next: 19%
Magic:  0/8        EV: 13    Int: 15    God:    Makhleb [......]
Gold:   134        SH:  0    Dex: 14    Spells: 2/8 levels left

rFire    . . .     SeeInvis .   h - +0 spear
rCold    . . .     Gourm    .   (no shield)
rNeg     . . .     Faith    .   s - +2 robe {MR+}
rPois    .         Spirit   .   (no helmet)
rElec    .         Reflect  .   (no cloak)
rCorr    .         Harm     .   (no gloves)
MR       +....                  n - +1 pair of boots {Fly}
Stlth    ++........             (no amulet)
HPRegen  0.11/turn              (no ring)
MPRegen  0.11/turn              (no ring)

@: icy armour, flying
A: change form in water, swift swim, stealthy swim
a: Renounce Religion, Stop Flying


You were on level 3 of the Dungeon.
You worshipped Makhleb.
Makhleb was noncommittal.
You were hungry.

You visited 1 branch of the dungeon, and saw 4 of its levels.

You collected 134 gold pieces.

Inventory:

Hand Weapons
 f - a +0 dagger
 h - a +0 spear (weapon)
Missiles
 g - 68 stones (quivered)
Armour
 m - a +2 buckler
 n - a +1 pair of boots of flying (worn)
 s - a +2 robe of magic resistance (worn)
Jewellery
 e - an uncursed ring of see invisible {unknown}
 r - an uncursed ring of ice {unknown}
Wands
 q - a wand of disintegration (15)
 v - a wand of flame (21)
Scrolls
 b - a scroll of random uselessness {unknown}
 d - 2 scrolls of enchant weapon {unknown}
 k - a scroll of teleportation {unknown}
 l - 3 scrolls of identify {unknown}
 o - a scroll of immolation {unknown}
 u - a scroll of enchant armour {unknown}
Potions
 i - 2 potions of degeneration {unknown}
 j - 2 potions of curing {unknown}
 p - 2 potions of haste {unknown}
 t - a potion of lignification {unknown}
 w - a potion of mutation {unknown}
Comestibles
 a - a chunk of flesh
 c - 7 rations


   Skills:
 - Level 2.6 Dodging
 - Level 2.1 Stealth
 + Level 1.4 Shields
 - Level 2.0 Spellcasting
 - Level 0.7 Conjurations
 - Level 6.0 Ice Magic


You had 2 spell levels left.
You knew the following spells:

 Your Spells              Type           Power        Failure   Level  Hunger
a - Freeze                Ice            ###.         1%          1    #......
b - Throw Frost           Conj/Ice       ##....       9%          2    ###....
c - Ozocubu's Armour      Chrm/Ice       ##......     19%         3    ###....

Your spell library contained the following spells:

 Spells                   Type           Power        Failure   Level  Hunger
 Summon Ice Beast         Ice/Summ       ##......     54%         4    #####..
 Throw Icicle             Conj/Ice       ##......     50%         4    #####..


Dungeon Overview and Level Annotations

Branches:
Dungeon (4/15)
 Temple: D:4-7

Altars:
Gozag
Makhleb
Trog
Vehumet


Message History

Casting: Freeze (safe; 1% risk of failure)
Confirm with . or Enter, or press ? or * to list all spells.
Aiming: Freeze (safe; 1% risk of failure)
Press: ? - help, Shift-Dir - straight line, f/p - orc warrior
Aim: an orc warrior, wielding a hand axe and wearing a chain mail (severely wounded)
You freeze the orc warrior.
The orc warrior is almost dead.
You are feeling hungry.
The orc warrior hits you with a hand axe!
* * * LOW HITPOINT WARNING * * *
The orc completely misses you.
Casting: Freeze (safe; 1% risk of failure)
Confirm with . or Enter, or press ? or * to list all spells.
Aiming: Freeze (safe; 1% risk of failure)
Press: ? - help, Shift-Dir - straight line, f/p - orc warrior
Aim: an orc warrior, wielding a hand axe and wearing a chain mail (almost dead)
You freeze the orc warrior.
The orc warrior is almost dead.
The orc warrior hits you with a hand axe.
You die...

..........#...# ###.####.#
..........##..# #......#.#
..........##..####.#.##.#.#
#############..#..........#
#..#.#.#......#
#..#.#.#####..#
#....#........#
#.#o.########.#
#.#.@o........#
#.##.#######..# #.##.# #..#
#....# #..# #..#########..#
#.............#
#.###########.#
#.#...........#
#.#.###########


You could see an orc warrior and an orc.

Vanquished Creatures
  A crimson imp (D:3)
  Jessica (D:3)
  A gnoll (D:1)
  An adder (D:2)
  2 worms
  3 leopard geckos
  4 giant cockroaches
  10 hobgoblins
  2 jackals (D:1)
  6 kobolds
  A quokka (D:3)
  2 bats (D:3)
  5 frilled lizards
  3 goblins
  10 rats
52 creatures vanquished.

Notes
Turn   | Place    | Note
-------+----------+-------------------------------------------
     0 | D:1      | tilp the Merfolk Ice Elementalist began the quest for the Orb.
     0 | D:1      | Reached XP level 1. HP: 13/13 MP: 3/3
   316 | D:1      | Reached skill level 4 in Ice Magic
   316 | D:1      | Reached XP level 2. HP: 19/19 MP: 1/5
   425 | D:1      | Learned a level 2 spell: Throw Frost
   834 | D:1      | Reached XP level 3. HP: 20/24 MP: 3/6
   839 | D:1      | Learned a level 3 spell: Ozocubu's Armour
  1257 | D:2      | Found a radiant altar of Vehumet.
  1321 | D:2      | Found an opulent altar of Gozag.
  1504 | D:2      | Reached skill level 5 in Ice Magic
  2049 | D:2      | Noticed a moth of wrath
  2056 | D:2      | Found a bloodstained altar of Trog.
  2540 | D:3      | Reached XP level 4. HP: 30/30 MP: 5/7
  2622 | D:3      | Noticed Jessica
  3126 | D:3      | Reached skill level 6 in Ice Magic
  3179 | D:3      | Killed Jessica
  3179 | D:3      | Reached skill level 1 in Shields
  3179 | D:3      | Reached XP level 5. HP: 35/35 MP: 2/8
  3211 | D:3      | Found a burning altar of Makhleb.
  3222 | D:3      | Became a worshipper of Makhleb the Destroyer
  3547 | D:4      | Noticed an orc warrior
  3556 | D:3      | Slain by an orc warrior

Vault maps used:
D:1:      dpeg_arrival_round_b
D:2:      lemuel_doored_altar, overflow_temple_1_default, tgw_trog
D:3:      lemuel_coloured_pillars_altar, hangedman_decor_push, uniq_jessica
D:4:      kennysheep_mini, ashenzari_conservatory_becter, grunt_ministairs_13

Skill      XL: |  1  2  3  4 |
---------------+-------------+-----
Ice Magic      | 4 5 6 |  6.0
Shields        | 1 |  1.4
Dodging        | |  2.6
Stealth        | |  2.1
Spellcasting   | |  2.0
Conjurations   | |  0.7

Action                   |  1- 3 |  4- 6 || total
-------------------------+-------+-------++-------
Melee: Dagger            |     1 |       ||     1
       Spear             |    83 |    59 ||   142
 Cast: Freeze            |    33 |    17 ||    50
       Ozocubu's Armour  |     3 |     3 ||     6
       Throw Frost       |     1 |     1 ||     2
 Stab: Sleeping          |     5 |     3 ||     8
  Eat: Chunk             |     6 |     4 ||    10
Armor: Robe              |    14 |    18 ||    32
Dodge: Dodged            |    59 |    43 ||   102

Table legend:
 A = Spawn XP
 B = Non-spawn XP
 C = Spawn XP percentage of total XP
 D = Spawn monster count
 E = Non-spawn monster count
 F = Spawn count percentage of total count
 G = Total turns spent on level
                    A         B        C        D         E        F      G
               +---------+---------+-------+---------+---------+-------+---------
         Total |       0 |     195 |   0.0 |       0 |      52 |   0.0 |  3556
               +---------+---------+-------+---------+---------+-------+---------
           D:1 |       0 |      34 |   0.0 |       0 |      13 |   0.0 |  1220
           D:2 |       0 |      47 |   0.0 |       0 |      22 |   0.0 |  1259
           D:3 |       0 |     114 |   0.0 |       0 |      17 |   0.0 |  1074
               +---------+---------+-------+---------+---------+-------+---------
